 Dungeon Crawl Stone Soup version 0.25-a0-435-g4b9beb1024 (webtiles) character file.

Game seed: 10534066306107790638, levelgen mode: deterministic

655 kae the Insei (level 7, -2/52 HPs)
             Began as a Purple Draconian Transmuter on Jan 29, 2020.
             Was a Follower of Uskayaw.
             Succumbed to a scorpion's poison
             ... on level 5 of the Dungeon.
             The game lasted 00:03:59 (5049 turns).

kae the Insei (Purple Draconian Transmuter)         Turns: 5049, Time: 00:04:00

Health: -2/52      AC:  7    Str: 12    XL:     7   Next: 29%
Magic:  8/10       EV: 17    Int: 14    God:    Uskayaw [*.....]
Gold:   284        SH:  0    Dex: 18    Spells: 4/10 levels left

rFire    . . .     SeeInvis .   d - +1 dagger (venom)
rCold    . . .     Gourm    .   (no shield)
rNeg     . . .     Faith    .   (armour unavailable)
rPois    .         Spirit   .   (helmet restricted)
rElec    .         Reflect  .   q - +0 cloak
rCorr    .         Harm     .   (no gloves)
MR       +....                  (no boots)
Stlth    +++.......             (no amulet)
HPRegen  0.17/turn              j - ring of flight
MPRegen  0.12/turn              (no ring)

@: agile, lethally poisoned (-2 -> -48)
A: breathe power, unfitting armour, cold-blooded, AC +6
a: Breathe Dispelling Energy, Stomp, Renounce Religion, Evoke Flight


You were on level 5 of the Dungeon.
You worshipped Uskayaw.
Uskayaw was noncommittal.
You were not hungry.

You visited 2 branches of the dungeon, and saw 6 of its levels.

You collected 284 gold pieces.

Inventory:

Hand Weapons
 d - a +1 dagger of venom (weapon)
Missiles
 a - 121 arrows
Armour
 q - a +0 cloak (worn)
Jewellery
 j - a ring of flight (left hand)
 m - an uncursed ring of fire {unknown}
 s - an uncursed ring of protection from cold {unknown}
Wands
 h - a wand of random effects (18)
 o - a wand of digging (9)
Scrolls
 b - a scroll of fog
 f - 2 scrolls of enchant weapon
 k - 3 scrolls of identify
 l - a scroll of enchant armour
 n - a scroll of teleportation
 p - a scroll of holy word {unknown}
Potions
 e - 2 potions of might
 g - a potion of mutation
 i - a potion of flight
Comestibles
 c - 12 rations
 t - a chunk of flesh


   Skills:
 - Level 1.1 Fighting
 - Level 1.7 Dodging
 * Level 7.2 Unarmed Combat
 - Level 2.4 Spellcasting
 + Level 4.9 Transmutations


You had 4 spell levels left.
You knew the following spells:

 Your Spells              Type           Power        Failure   Level  Hunger
a - Beastly Appendage     Tmut           ###...       3%          1    #......
b - Sticks to Snakes      Tmut           ###.....     4%          2    ###....
c - Spider Form           Tmut/Pois      #.........   26%         3    ###....

Your spell library contained the following spells:

 Spells                   Type           Power        Failure   Level  Hunger
 Corona                   Hex            #......      22%         1    #......
 Ensorcelled Hibernation  Hex/Ice        #.....       34%         2    ###....
 Confusing Touch          Hex            #.......     56%         3    ###....
 Dazzling Flash           Conj/Hex       #.....       56%         3    ###....
 Tukima's Dance           Hex            #.......     56%         3    ###....
 Ice Form                 Ice/Tmut       #.......     63%         4    #####..
 Blade Hands              Tmut           ###.......   63%         5    ######.


Dungeon Overview and Level Annotations

Branches:
Dungeon (5/15)             Temple (1/1) D:4

Altars:
Ashenzari
Cheibriados
Dithmenos
Elyvilon
Fedhas
Gozag
Hepliaklqana
Kikubaaqudgha
Makhleb
Okawaru
Qazlal
Ru
Sif Muna
Trog
Uskayaw
Vehumet
Wu Jian
Xom
Yredelemnul
Zin
The Shining One


Innate Abilities, Weirdness & Mutations

You can breathe bolts of dispelling energy.
Your rich purple scales are hard. (AC +6)
You cannot fit into any form of body armour.
You are cold-blooded and may be slowed by cold attacks.


Message History

There is a lethal amount of poison in your body!
It was a potion of invisibility.
You fade into invisibility!
* * * LOW HITPOINT WARNING * * *
You feel very sick.
You are very lightly contaminated with residual magic.
It was a potion of cancellation.
Your magical effects are unravelling.
You feel magically purged.
Your magical contamination has completely faded away.
Your transformation has ended.
Your +1 dagger of venom unmelds from your body.
Your +0 cloak unmelds from your body.
Your +1 dagger of venom begins to drip with poison!
You flicker back into view.
* * * LOW HITPOINT WARNING * * *
You feel very sick.
It was a potion of agility.
You feel agile all of a sudden.
You die...

##### ***, #..$### *** *,,,
#...#.##**,*****,
##PP≈...##,,,***,,
*.≈≈≈P...#,,,,*,,,
*♣≈≈≈....##,,,,,,,
####.†.......,***,**
##.#>†........,* *,,,
#...@##...####,****,,
##...#*#....#*,,,,,,,
#...##**......,,<,***
#####..##.......,*,****
###..##......#...#**,,,,*
##........#####...#####.,*
##......#### ###.........**
#....##..#####...........**
#.)..#....##.............,,


There were no monsters in sight!

Vanquished Creatures
  A sky beast (D:5)
  2 scorpions
  A bullfrog zombie (D:5)
  An orc priest (D:5)
  Crazy Yiuf (D:2)
  3 orc wizards (D:5)
  A centaur skeleton (D:5)
  Jessica (D:2)
  2 worker ants
  A hound skeleton (D:5)
  2 worker ant zombies (D:5)
  5 adders
  3 oozes
  2 worms (D:3)
  4 dart slugs
  3 leopard geckos
  3 orcs (D:5)
  7 bats
  3 giant cockroaches
  10 hobgoblins
  8 jackals
  3 quokkas
  3 ball pythons
  6 frilled lizards
  3 goblins
  9 kobolds
  4 rats
  A fungus (D:2)
93 creatures vanquished.

Notes
Turn   | Place    | Note
-------+----------+-------------------------------------------
     0 | D:1      | kae the Draconian Transmuter began the quest for the Orb.
     0 | D:1      | Reached XP level 1. HP: 16/16 MP: 3/3
   167 | D:1      | Reached XP level 2. HP: 16/23 MP: 3/5
   754 | D:1      | Reached XP level 3. HP: 28/28 MP: 4/6
  1029 | D:2      | Learned a level 2 spell: Sticks to Snakes
  1033 | D:2      | Learned a level 3 spell: Spider Form
  1049 | D:2      | Reached skill level 4 in Unarmed Combat
  1593 | D:2      | Noticed Jessica
  1597 | D:2      | Killed Jessica
  1597 | D:2      | Reached XP level 4. HP: 28/35 MP: 7/7
  2256 | D:2      | Found a runed translucent door.
  2257 | D:2      | Noticed Crazy Yiuf
  2268 | D:2      | Killed Crazy Yiuf
  2476 | D:3      | Reached skill level 5 in Unarmed Combat
  2484 | D:3      | Reached XP level 5. HP: 31/40 MP: 8/8
  2708 | D:3      | Found a shattered altar of Ashenzari.
  2885 | D:3      | Found a glowing golden altar of the Shining One.
  2885 | D:3      | Found an opulent altar of Gozag.
  3455 | D:3      | Found a shadowy altar of Dithmenos.
  3960 | D:4      | Found a staircase to the Ecumenical Temple.
  4141 | Temple   | Entered the Ecumenical Temple
  4148 | Temple   | Became a worshipper of Uskayaw the Reveler
  4193 | D:4      | Reached * piety under Uskayaw
  4429 | D:5      | Entered Level 5 of the Dungeon
  4439 | D:5      | Reached ** piety under Uskayaw
  4444 | D:5      | Reached XP level 6. HP: 30/47 MP: 9/9
  4585 | D:5      | Reached skill level 6 in Unarmed Combat
  4818 | D:5      | Noticed a sky beast
  4831 | D:5      | Killed a sky beast
  4912 | D:5      | Your scales start taking on a rich purple colour.
  4912 | D:5      | Reached XP level 7. HP: 45/52 MP: 10/10
  4914 | D:5      | Reached *** piety under Uskayaw
  4921 | D:5      | Reached **** piety under Uskayaw
  5037 | D:5      | Reached skill level 7 in Unarmed Combat
  5048 | D:5      | HP: 2/52 [poisoned by a scorpion]
  5049 | D:5      | Succumbed to a scorpion's poison

Levels and vault maps discovered:
D:1:      dpeg_arrival_court, layout_basic, serial_curves, eino_curves_03,
          eino_curves_03
D:2:      layout_loops_cross, hangedman_decor_push, grunt_decor_fettered,
          uniq_jessica, uniq_crazy_yiuf_cottage
D:3:      layout_loops_cross, lemuel_round_altar,
          amethyst_overflow_temple_binary, first_ration,
          nicolae_ashenzari_panopticon
D:4:      layout_basic, temple_fountains
D:5:      lemuel_upstairs_altar, layout_cave_pools, serial_bayou_pond_d,
          uniq_eustachio, uniq_menkaure
Temple:   nicolae_temple_no_exploring_needed

Skill      XL: |  1  2  3  4  5  6  7 |
---------------+----------------------+-----
Unarmed Combat | 4 5 6 7 |  7.2
Transmutations | 3 4 |  4.9
Fighting       | |  1.1
Dodging        | |  1.7
Spellcasting   | |  2.4

Action                   |  1- 3 |  4- 6 |  7- 9 || total
-------------------------+-------+-------+-------++-------
Melee: Unarmed           |    73 |     6 |     7 ||    86
       Tailslap          |    14 |    29 |     1 ||    44
       Headbutt          |     6 |     9 |       ||    15
       Punch             |     1 |     3 |       ||     4
       Kick              |     4 |    13 |     4 ||    21
       Dagger            |    29 |   219 |    16 ||   264
 Cast: Beastly Appendage |    14 |    30 |     1 ||    45
       Spider Form       |       |     1 |     1 ||     2
  Use: Scroll            |     5 |     7 |       ||    12
       Potion            |       |     1 |     3 ||     4
 Stab: Sleeping          |     1 |       |       ||     1
       Paralysed         |       |       |     1 ||     1
  Eat: Chunk             |     2 |     8 |     1 ||    11
       Ration            |       |     1 |       ||     1
Armor: Skin              |    42 |    63 |    11 ||   116
Dodge: Dodged            |    93 |   119 |    19 ||   231

Table legend:
 A = Non-vault XP
 B = Vault XP
 C = Vault XP percentage of total XP
 D = Non-vault monster count
 E = Vault monster count
 F = Vault count percentage of total count
                 A         B        C        D         E       F
            +---------+---------+-------+---------+---------+-------
      Total |     860 |      77 |   8.2 |      90 |       2 |   2.2
            +---------+---------+-------+---------+---------+-------
        D:1 |      48 |       0 |   0.0 |      19 |       0 |   0.0
        D:2 |      64 |      77 |  54.6 |      26 |       2 |   7.1
        D:3 |     104 |       0 |   0.0 |      25 |       0 |   0.0
        D:4 |      79 |       0 |   0.0 |       2 |       0 |   0.0
        D:5 |     565 |       0 |   0.0 |      18 |       0 |   0.0
            +---------+---------+-------+---------+---------+-------
